 Dungeon Crawl Stone Soup version 0.25-a0-578-gc91f01c39c (webtiles) character file.

Game seed: 4155767394243874795, levelgen mode: deterministic

32812 Flugslaktarn the Cleaver (level 13, -13/121 HPs)
             Began as a Deep Dwarf Fighter on Mar 3, 2020.
             Was a High Priest of Makhleb.
             Killed from afar by an orc sorcerer (34 damage)
             ... with a bolt of negative energy
             ... on level 13 of the Dungeon.
             The game lasted 00:08:42 (9720 turns).

Flugslaktarn the Cleaver (Deep Dwarf Fighter)       Turns: 9720, Time: 00:08:43

Health: -13/121    AC:  0    Str: 26    XL:     13   Next: 33%
Magic:  4/4        EV:  7    Int:  8    God:    Makhleb [*****.]
Gold:   674        SH: 12    Dex: 12    Spells: 12/12 levels left

rFire    + + +     SeeInvis .   a - +1 war axe
rCold    + + .     Gourm    .   c - +0 kite shield
rNeg     . . .     Faith    .   M - +1 chain mail "Faoriyse" {rPois rC+ Stlth+} (curse)
rPois    +         Spirit   .   l - +1 helmet
rElec    .         Reflect  .   k - scarf {rC+ rF+}
rCorr    .         Harm     .   y - +0 pair of gloves
MR       +....                  (no boots)
Stlth    ..........             b - amulet of rage
HPRegen  0.00/turn              f - ring of protection from fire
MPRegen  0.09/turn              J - ring of protection from fire

@: mighty, corroded, non-regenerating, drained
A: damage resistance, heal wounds, sense surroundings 2, no regeneration
a: Heal Wounds, Minor Destruction, Lesser Servant of Makhleb, Major Destruction,
Greater Servant of Makhleb, Renounce Religion, Evoke Berserk Rage


You were on level 13 of the Dungeon.
You worshipped Makhleb.
Makhleb was extremely pleased with you.
You were hungry.

You visited 2 branches of the dungeon, and saw 14 of its levels.
You also visited: Sewer and Ice Cave.

You collected 898 gold pieces.
You spent 224 gold pieces at shops.

Inventory:

Hand Weapons
 a - a +1 war axe (weapon)
 B - a +1 falchion of flaming
   (You took it off a big kobold on level 8 of the Dungeon)
 K - a +2 hand axe of freezing
   (You found it in an ice cave)
Missiles
 n - 2 throwing nets (quivered)
Armour
 c - a +0 kite shield (worn)
 k - a scarf of resistance (worn)
   (You found it on level 6 of the Dungeon)
 l - a +1 helmet (worn)
   (You took it off Robin on level 3 of the Dungeon)
 y - a +0 pair of gloves (worn)
   (You found it on level 7 of the Dungeon)
 E - a +0 plate armour
   (You found it on level 5 of the Dungeon)
 I - a +0 helmet of see invisible
   (You found it in an ice cave)
 M - the cursed +1 chain mail "Faoriyse" (worn) {rPois rC+ Stlth+}
   (You found it on level 13 of the Dungeon)

   It protects you from cold.
   It protects you from poison.
   It makes you more stealthy.
   If you remove this armour, your AC will decrease by 12 (0 -> -12).
   It has a curse placed upon it.
 P - a +0 cloak
   (You took it off Maurice on level 13 of the Dungeon)
Jewellery
 b - an amulet of rage (around neck)
   (You found it on level 5 of the Dungeon)
 f - a ring of protection from fire (left hand)
   (You found it on level 7 of the Dungeon)
 g - an uncursed ring of stealth
   (You found it on level 8 of the Dungeon)
 J - a ring of protection from fire (right hand)
   (You found it in an ice cave)
Wands
 o - a wand of enslavement (12)
   (You found it on level 6 of the Dungeon)
 L - a wand of paralysis (8)
   (You found it on level 12 of the Dungeon)
 O - a wand of iceblast (7)
   (You took it off Maurice on level 13 of the Dungeon)
Scrolls
 t - 4 scrolls of teleportation
 v - 2 scrolls of fear
 x - 4 scrolls of remove curse
 z - 4 scrolls of enchant weapon
 A - 2 scrolls of magic mapping
 D - a scroll of immolation
 G - a scroll of holy word
 N - a scroll of fog
Potions
 d - 3 potions of might
 h - 3 potions of haste
 i - 2 potions of ambrosia {unknown}
 j - 4 potions of lignification
 m - 3 potions of stabbing
 p - 3 potions of brilliance
 q - 6 potions of curing
 s - 2 potions of flight {unknown}
 u - a potion of degeneration {unknown}
 w - 4 potions of heal wounds
 C - a potion of resistance {unknown}
 F - a potion of invisibility {unknown}
Comestibles
 e - 24 rations


   Skills:
 + Level 9.2(8.1) Fighting
 * Level 14.1(12.8) Axes
 + Level 10.7(9.5) Armour
 + Level 10.8(9.6) Shields
 + Level 11.1(9.9) Invocations
 - Level 6.0(4.9) Evocations


You had 12 spell levels left.
You didn't know any spells.
Your spell library was empty.

Dungeon Overview and Level Annotations

Branches:
Dungeon (13/15)            Temple (1/1) D:5            Lair (0/6) D:10
    Orc (0/2) D:12          Sewer (visited)           IceCv (visited)
 Vaults: D:13-14

Altars:
Ashenzari
Cheibriados
Dithmenos
Elyvilon
Fedhas
Gozag
Hepliaklqana
Kikubaaqudgha
Makhleb
Nemelex Xobeh
Okawaru
Qazlal
Ru
Sif Muna
Trog
Uskayaw
Vehumet
Wu Jian
Xom
Yredelemnul
Zin

Shops:
D:5 }   D:8 !(?   D:11 =   D:12 *

Annotations:
D:8 3 runed translucent doors, Flugslaktarn's ghost, novice DDFi


Innate Abilities, Weirdness & Mutations

You are resistant to damage.
You can heal yourself by infusing magical energy.
You passively map the area around you.
You do not regenerate.


Message History

The rust devil corrodes you!
The gargoyle hits you with a +0 dire flail!!
* * * LOW HITPOINT WARNING * * *
You completely miss the orc sorcerer.
The orc sorcerer is moderately wounded.
You barely miss the rust devil. You hit the gargoyle.
You barely miss the tengu conjurer. You block the tengu conjurer's attack.
The tengu conjurer pecks you.
* * * LOW HITPOINT WARNING * * *
The tengu conjurer claws you.
The orc sorcerer hits you with a +0 dagger.
* * * LOW HITPOINT WARNING * * *
You block the rust devil's attack.
You feel much better. You block the gargoyle's attack.
You block the tengu conjurer's attack. The tengu conjurer pecks you.
* * * LOW HITPOINT WARNING * * *
The tengu conjurer claws you.
The orc sorcerer points at you and mumbles some strange words.
The bolt of negative energy hits you!!!
You feel drained.
You die...

** * ##.. * ####≈≈.##
#.. ..#≈≈≈.## #.. *
+, ..≈≈≈≈.# #.. #
p≈≈≈≈.# #.. #.,
#≈≈≈≈.# #.. #.. *
#≈≈≈≈.# #..
#...#####≈≈≈..# #..
⌠#......9@.....## #..
...#*.Qo4..(..# #.. *
#.......'...(..# #..
* #...#####≈≈≈...#
#.. #..,*
#≈≈≈≈..########.. #.
#####≈≈≈≈............
# ,
#...p≈≈≈≈.#..........
*
....≈≈≈≈(...........
* ,
...#≈≈≈.............


You could see a rust devil, an orc sorcerer, a tengu conjurer, a gargoyle and a
battlesphere.

Vanquished Creatures
  A frost giant (IceCv)
  A vault guard (D:13)
  A hydra (D:8)
  2 centaur warriors
  3 two-headed ogres
  A death yak (IceCv)
  2 skeletal warriors (D:12)
  A wolf spider zombie (D:13)
  A deep elf mage (D:13)
  An ice statue (IceCv)
  A gargoyle (D:12)
  Maggie (D:7)
  3 kobold demonologists
  A rime drake (IceCv)
  A komodo dragon (D:11)
  2 trolls
  17 polar bears (IceCv)
  4 hippogriffs
  Prince Ribbit (D:6)
  2 dream sheep (D:8)
  4 slime creatures (D:10)
  Sigmund (D:3)
  A meliai zombie (D:11)
  2 vampires
  32 yaks
  A wraith (D:13)
  2 wyverns
  2 hungry ghosts (D:7)
  Edmund (D:6)
  6 orc warriors
  4 phantoms
  A black bear (D:7)
  9 ice beasts
  3 sky beasts
  3 ogres
  3 necrophages
  15 centaurs
  14 wolves (IceCv)
  6 big kobolds
  8 bullfrogs
  3 scorpions
  11 killer bees
  11 wights
  8 crimson imps
  A quasit (D:6)
  4 hounds
  4 orc priests
  A gnoll shaman (D:7)
  4 jellies
  3 centaur skeletons
  A bullfrog skeleton (D:13)
  4 iguanas
  Terence (D:3)
  8 worker ants
  6 orc wizards
  A hound zombie (D:6)
  A hound skeleton (D:10)
  Robin (D:3)
  A howler monkey zombie (D:10)
  6 gnolls
  8 adders
  12 white imps (D:11)
  2 oozes
  An adder zombie (D:6)
  3 worms
  4 leopard geckos
  34 orcs
  2 ball pythons (Sewer)
  5 bats
  4 giant cockroaches
  8 goblins
  6 hobgoblins (D:3)
  20 kobolds
  5 quokkas
  5 frilled lizards
  2 leopard gecko skeletons
  4 rats
370 creatures vanquished.

Vanquished Creatures (collateral kills)
  A hydra (D:13)
  3 skeletal warriors (D:12)
  Maurice (D:13)
  3 yaks (D:12)
8 creatures vanquished.

Vanquished Creatures (others)
  2 yaks (IceCv)
  3 wolves (IceCv)
  3 plants (D:8)
8 creatures vanquished.

Grand Total: 386 creatures vanquished

Notes
Turn   | Place    | Note
-------+----------+-------------------------------------------
     0 | D:1      | Flugslaktarn the Deep Dwarf Fighter began the quest for the
                  | Orb.
     0 | D:1      | Reached XP level 1. HP: 20/20 MP: 1/1
    82 | D:2      | Reached XP level 2. HP: 24/27 MP: 2/2
   113 | D:3      | Noticed Robin
   117 | D:3      | Reached skill level 3 in Axes
   118 | D:3      | Reached XP level 3. HP: 28/34 MP: 3/3
   139 | D:3      | Killed Robin
   144 | D:3      | Reached XP level 4. HP: 14/42 MP: 3/3
   276 | D:3      | Noticed Terence
   286 | D:3      | Killed Terence
   289 | D:3      | Reached skill level 4 in Axes
   289 | D:3      | Reached XP level 5. HP: 33/49 MP: 4/4
   332 | D:3      | Noticed Sigmund
   350 | D:3      | Killed Sigmund
   350 | D:3      | Reached XP level 6. HP: 26/57 MP: 5/5
   420 | D:4      | Reached skill level 5 in Axes
   568 | D:4      | Found a glowing drain.
   582 | Sewer    | Entered a sewer
   696 | Sewer    | Reached XP level 7. HP: 40/64 MP: 5/5
   871 | Sewer    | Reached skill level 5 in Armour
   871 | Sewer    | Reached skill level 5 in Shields
  1091 | D:5      | Entered Level 5 of the Dungeon
  1227 | D:5      | Reached skill level 6 in Axes
  1407 | D:5      | Found a staircase to the Ecumenical Temple.
  1411 | Temple   | Entered the Ecumenical Temple
  1477 | Temple   | Became a worshipper of Makhleb the Destroyer
  1674 | D:5      | Found Yjean's Gadget Boutique.
  1717 | D:5      | Reached skill level 1 in Invocations
  1930 | D:6      | Noticed Prince Ribbit
  1943 | D:6      | Killed Prince Ribbit
  1943 | D:6      | Reached XP level 8. HP: 47/73 MP: 7/7
  1976 | D:6      | Noticed Edmund
  1982 | D:6      | Reached skill level 7 in Axes
  1989 | D:6      | Killed Edmund
  2170 | D:6      | Reached skill level 5 in Fighting
  2305 | D:6      | Reached skill level 8 in Axes
  2382 | D:6      | Gained mutation: You passively map the area around you.
                  | [Deep Dwarf growth]
  2382 | D:6      | Reached XP level 9. HP: 81/81 MP: 8/8
  2459 | D:6      | Reached * piety under Makhleb
  2557 | D:6      | Noticed a troll
  2577 | D:6      | Killed a troll
  3002 | D:7      | Reached skill level 5 in Invocations
  3068 | D:7      | Reached skill level 9 in Axes
  3090 | D:7      | Noticed Maggie
  3107 | D:7      | Killed Maggie
  3357 | D:7      | Reached ** piety under Makhleb
  3357 | D:7      | Reached skill level 1 in Evocations
  3445 | D:7      | Reached XP level 10. HP: 62/91 MP: 10/10
  3759 | D:8      | Found an opulent altar of Gozag.
  3786 | D:8      | Found Saer's Antique Weapon Shop.
  3791 | D:8      | Found Exkausk's Magic Scroll Shoppe.
  3797 | D:8      | Bought a scroll of enchant weapon for 112 gold pieces
  3797 | D:8      | Bought a scroll of enchant weapon for 112 gold pieces
  3856 | D:8      | Reached skill level 10 in Axes
  3989 | D:8      | Noticed a centaur warrior
  4005 | D:8      | Killed a centaur warrior
  4037 | D:8      | Found a runed translucent gate.
  4041 | D:8      | Found a runed translucent gate.
  4041 | D:8      | Noticed Flugslaktarn's ghost (novice DDFi)
  4041 | D:8      | Noticed a nine-headed hydra
  4042 | D:8      | Found a runed translucent gate.
  4258 | D:8      | Found Comp's Distillery.
  4295 | D:8      | Reached *** piety under Makhleb
  4348 | D:8      | Noticed a three-headed hydra
  4355 | D:8      | Killed a one-headed hydra
  4762 | D:9      | Reached XP level 11. HP: 100/100 MP: 12/12
  4830 | D:9      | Reached skill level 11 in Axes
  5247 | D:9      | Found a blossoming altar of Fedhas.
  5247 | D:9      | Found a white marble altar of Elyvilon.
  5252 | D:9      | Found a shimmering altar of Xom.
  5254 | D:9      | Found a basalt altar of Yredelemnul.
  5255 | D:9      | Found a hazy altar of Hepliaklqana.
  5447 | D:10     | Entered Level 10 of the Dungeon
  5448 | D:10     | Noticed a two-headed ogre
  5457 | D:10     | Killed a two-headed ogre
  5457 | D:10     | Reached skill level 5 in Evocations
  5514 | D:10     | Reached **** piety under Makhleb
  5557 | D:10     | Noticed a two-headed ogre
  5567 | D:10     | Killed a two-headed ogre
  5839 | D:10     | Found a staircase to the Lair.
  6414 | D:11     | Found Plog's Jewellery Emporium.
  6450 | D:11     | Found a frozen archway.
  6470 | IceCv    | Entered an ice cave
  6475 | IceCv    | Reached ***** piety under Makhleb
  6482 | IceCv    | Reached skill level 12 in Axes
  6762 | IceCv    | Reached XP level 12. HP: 83/110 MP: 6/6
  7062 | IceCv    | Noticed a death yak
  7096 | IceCv    | Killed a death yak
  7313 | IceCv    | Noticed a frost giant
  7322 | IceCv    | Killed a frost giant
  7322 | IceCv    | Reached skill level 13 in Axes
  7322 | IceCv    | Reached skill level 10 in Shields
  7322 | IceCv    | Reached skill level 10 in Invocations
  7502 | D:11     | Reached skill level 10 in Armour
  7546 | D:11     | You fall into a shaft and drop 1 floor!
  7735 | D:11     | Found an iron altar of Okawaru.
  8153 | D:12     | Found Eliucoko's General Store.
  8563 | D:12     | Found a staircase to the Orcish Mines.
  8588 | D:12     | Reached XP level 13. HP: 51/120 MP: 4/4
  8923 | D:13     | Got a warped chain mail
  8934 | D:13     | Identified the cursed +1 chain mail "Faoriyse" {rPois rC+
                  | Stlth+} (You found it on level 13 of the Dungeon)
  8967 | D:13     | Reached ****** piety under Makhleb
  9093 | D:13     | Reached skill level 14 in Axes
  9167 | D:13     | Noticed Maurice
  9176 | D:13     | Killed Maurice
  9720 | D:13     | Killed from afar by an orc sorcerer

Levels and vault maps discovered:
D:1:      dpeg_arrival_brainrot, layout_basic, tso_altar
D:2:      cheibrodos_greedy_goblins, layout_basic, first_ration, led_sif_pool,
          uniq_jessica
D:3:      layout_basic, nicolae_ru_awakened_eye, uniq_terence, uniq_sigmund,
          uniq_robin
D:4:      layout_rooms, cheibrodos_sewer_entry_drain
D:5:      minmay_general_purpose_star, layout_basic, temple_hall_moat,
          serial_shops, nicolae_shop_window_shopping, minmay_misc_feat_alley
D:6:      layout_basic, minmay_misc_feat_nine_boxes, uniq_prince_ribbit1,
          uniq_edmund
D:7:      layout_loops_ring, uniq_maggie
D:8:      layout_loops_ring, gammafunk_ghost_hydra_chop, serial_shops,
          shop_fountains, shop, nicolae_shop_overgrown_old_shop, hangedman_ranch
          [blue_anna_fruit_fields], nicolae_gozag_seed_capital
D:9:      layout_grid_maze, chequers_temple_overflow_minitemple
D:10:     layout_irregular_city, lair_entry_dummy
D:11:     layout_basic, portal_ice_cave_entry_imps, basic_altar, serial_shops,
          nicolae_shop_statue_plus
D:12:     layout_loops_ring, orc_0_dummy, serial_shops, shop
D:13:     layout_basic, grunt_vaults_entry_fortified, uniq_maurice
Temple:   nicolae_temple_x_marks_the_god

Skill      XL: |  1  2  3  4  5  6  7  8  9 10 11 12 13 |
---------------+----------------------------------------+-----
Axes           | 3 4 5 6 8 9 10 12 13 14 | 14.1
Fighting       | 3 4 5 6 7 8 9 |  9.2
Armour         | 4 5 6 7 8 9 10 | 10.7
Shields        | 4 5 6 7 8 9 10 | 10.8
Invocations    | 2 4 6 7 9 10 11 | 11.1
Evocations     | 1 4 6 |  6.0

Action                   |  1- 3 |  4- 6 |  7- 9 | 10-12 | 13-15 || total
-------------------------+-------+-------+-------+-------+-------++-------
Melee: War axe           |    57 |   132 |   409 |   996 |   158 ||  1752
       Falchion          |       |       |       |    15 |       ||    15
       Hand axe          |       |       |       |    82 |       ||    82
Invok: Lesser Servant of |       |       |       |     3 |     3 ||     6
 Abil: Heal Wounds       |     3 |     4 |    10 |    25 |     8 ||    50
       Evoke Berserk Rag |       |       |     1 |       |       ||     1
  Use: Scroll            |       |       |    13 |     2 |     4 ||    19
       Potion            |       |       |       |     2 |     1 ||     3
 Stab: Distracted        |       |       |       |     1 |       ||     1
  Eat: Chunk             |       |       |    10 |    13 |     2 ||    25
       Ration            |       |       |     1 |     2 |       ||     3
Armor: Scale mail        |    55 |    62 |    49 |       |       ||   166
       Plate armour      |       |       |   182 |   636 |     9 ||   827
       Chain mail        |       |       |       |       |    89 ||    89
Dodge: Dodged            |    34 |    34 |    86 |   260 |    56 ||   470
Block: Kite shield       |    52 |    92 |   221 |   700 |   136 ||  1201

Table legend:
 A = Non-vault XP
 B = Vault XP
 C = Vault XP percentage of total XP
 D = Non-vault monster count
 E = Vault monster count
 F = Vault count percentage of total count
                 A         B        C        D         E       F
            +---------+---------+-------+---------+---------+-------
      Total |   30075 |   16800 |  35.8 |     263 |     116 |  30.6
            +---------+---------+-------+---------+---------+-------
        D:1 |       5 |       0 |   0.0 |       3 |       0 |   0.0
        D:2 |      47 |       4 |   7.8 |       6 |       2 |  25.0
        D:3 |      99 |     293 |  74.7 |      14 |      13 |  48.1
        D:4 |     225 |       7 |   3.0 |       9 |       2 |  18.2
        D:5 |     310 |     134 |  30.2 |       6 |       2 |  25.0
        D:6 |    1447 |     417 |  22.4 |      25 |       2 |   7.4
        D:7 |    2326 |     398 |  14.6 |      38 |       1 |   2.6
        D:8 |    2685 |    2145 |  44.4 |      29 |       8 |  21.6
        D:9 |    1681 |       0 |   0.0 |      25 |       0 |   0.0
       D:10 |    4816 |       0 |   0.0 |      34 |       0 |   0.0
       D:11 |    2734 |     125 |   4.4 |      18 |      12 |  40.0
       D:12 |    6730 |       0 |   0.0 |      31 |       0 |   0.0
       D:13 |    6970 |    1330 |  16.0 |      25 |       2 |   7.4
      Sewer |       0 |     229 | 100.0 |       0 |      24 | 100.0
      IceCv |       0 |   11718 | 100.0 |       0 |      48 | 100.0
            +---------+---------+-------+---------+---------+-------
